 Dungeon Crawl Stone Soup version 0.31-a0-1576-ga3383bade6 (webtiles) character file.

Game seed: 6646482692053213880

522 wildpjah the Sneak (level 7, -1/32 HPs)
             Began as a Vine Stalker Enchanter on Jan 4, 2024.
             Slain by an orc
             ... wielding a +0 hand axe
              (3 damage)
             ... on level 4 of the Dungeon.
             The game lasted 00:10:30 (3462 turns).

wildpjah the Sneak (Vine Stalker Enchanter)         Turns: 3462, Time: 00:10:31

Health: -1/32      AC:  2    Str: 10    XL:     7   Next: 22%
Magic:  0/13       EV: 12    Int: 17    God:
Gold:   28         SH:  0    Dex: 15    Spells: 7/12 levels left

rFire   . . .        p - +2 dagger (elec)
rCold   . . .        (no shield)
rNeg    . . .        b - +0 robe
rPois   +            (no helmet)
rElec   .            (no cloak)
rCorr   .            (no gloves)
SInv    .            (no boots)
Will    .....        e - amulet of the acrobat
Stlth   +++          u - ring of poison resistance
HPRegen 1.05/turn    (no ring)
MPRegen 0.13/turn

%: acrobat, guardian spirit
@: no status effects
A: fangs 2, regeneration 1, magic shield, antimagic bite, no potion heal 2
a: no special abilities


You were on level 4 of the Dungeon.
You visited 1 branch of the dungeon, and saw 4 of its levels.

You collected 190 gold pieces.
You spent 162 gold pieces at shops.

Inventory:

Hand Weapons
 a - a +1 dagger
 f - a +0 dagger of protection
 k - a +0 rapier
 o - a +0 long sword
 p - a +2 dagger of electrocution (weapon)
 x - a +0 falchion
 y - a +1 falchion of distortion
Armour
 b - a +0 robe (worn)
Jewellery
 e - an amulet of the acrobat (around neck)
 u - a ring of poison resistance (left hand)
Scrolls
 d - 4 scrolls of teleportation {unknown}
 g - a scroll of fog {unknown}
 j - a scroll of brand weapon {unknown}
 m - 2 scrolls of revelation {unknown}
 q - a scroll of noise {unknown}
 s - a scroll of amnesia {unknown}
 t - a scroll of immolation {unknown}
 v - a scroll of identify {unknown}
 z - a scroll of vulnerability {unknown}
Potions
 c - 4 potions of invisibility
 h - a potion of might {unknown}
 i - a potion of curing {unknown}
 l - 2 potions of resistance {unknown}
 n - a potion of degeneration {unknown}
 r - a potion of haste {unknown}
 w - a potion of mutation {unknown}


   Skills:
 + Level 0.4 Fighting
 + Level 1.6 Short Blades
 * Level 2.6 Dodging
 * Level 6.6 Stealth
 * Level 3.4 Spellcasting
 * Level 4.5 Hexes
 + Level 2.0 Ice Magic


You had 7 spell levels left.
You knew the following spells:

 Your Spells              Type           Power      Damage    Failure   Level
a - Ensorcelled Hibernat  Hex/Ice        28%        N/A       6%          2
b - Confusing Touch       Hex            18%        N/A       8%          3

Your spell library contained the following spells:

 Spells                   Type           Power      Damage    Failure   Level
 Tukima's Dance           Hex            18%        N/A       8%          3
 Sting                    Conj/Alch      8%         1d3       17%         1
 Dazzling Flash           Conj/Hex       20%        N/A       21%         3
 Mercury Vapours          Alch/Air       4%         N/A       26%         2
 Mephitic Cloud           Conj/Alch/Air  2%         N/A       45%         3
 Olgreb's Toxic Radiance  Alch           2%         N/A       86%         4
 Freezing Cloud           Conj/Ice/Air   2%         6-21      98%         5


Dungeon Overview and Level Annotations

Branches:
Dungeon (4/15)
 Temple: D:4-7

Altars:

Shops:
D:2 (


Innate Abilities, Weirdness & Mutations

You have extremely sharp teeth.
Your natural rate of healing is unusually fast.
When hurt, damage is shared between your health and your magic reserves.
Your bite disrupts and absorbs the magic of your enemies.
Potions cannot restore your health.


Message History

Aiming: Ensorcelled Hibernation (safe; 6% risk of failure)
Press: ? - help, Q - select action Shift-Dir - straight line, f - orc
Aim: an orc, wielding a +0 hand axe (chance to affect: 65%)
The orc struggles to resist.
The orc misses you. The orc barely misses you.
Aiming: Ensorcelled Hibernation (safe; 6% risk of failure)
Press: ? - help, Q - select action Shift-Dir - straight line, f/p - orc
Aim: an orc, wielding a +0 hand axe (chance to affect: 65%)
You miscast Ensorcelled Hibernation.
You are very lightly contaminated with residual magic.
Nothing appears to happen.
The orc hits you with a +0 hand axe. The orc hits you with a +0 dagger.
The orc completely misses you.
You barely miss the orc. You bite the orc, but do no damage.
The orc is lightly wounded.
The orc hits you with a +0 dagger.
You hit the orc. You bite the orc, but do no damage.
The orc is moderately wounded.
The orc barely misses you.
You hit the orc. Your bite misses the orc.
The orc is heavily wounded.
The orc closely misses you. The orc hits you with a +0 dagger.
You closely miss the orc.
The orc is heavily wounded.
The orc hits you with a +0 hand axe.
You hit the orc.
The orc is severely wounded.
The orc misses you. The orc hits you with a +0 hand axe.
* * * LOW HITPOINT WARNING * * *
Your magical contamination has completely faded away.
You hit the orc. Your bite misses the orc.
The orc is almost dead.
The orc hits you with a +0 dagger.
* * * LOW HITPOINT WARNING * * *
The orc hits you with a +0 hand axe.
* * * LOW HITPOINT WARNING * * *
You hit the orc.
You kill the orc!
The orc hits you with a +0 hand axe.
You die...

#...# #.^.....
#...# #.......
#...# #.......
#...# #......>
#..)# #####
#....... #...#
#...#
##.......
#...# #...#
#........
#...# #...#
#........
####..)###@..#
#........
#..?.....)o..#
#........
#............#
#........
#.?..........#
#.)......
#..(.........#
#........
#............#
#........
#............#
#........
#............#
#........
#............#
#........


You could see an orc.

Vanquished Creatures
  Sigmund (D:2)
  2 bombardier beetles
  2 hounds
  A jelly (D:4)
  An orc priest (D:4)
  Robin (D:3)
  5 adders
  3 gnolls (D:4)
  A ribbon worm (D:4)
  7 orcs
  8 bats
  9 endoplasms
  4 giant cockroaches
  17 goblins
  6 hobgoblins
  2 jackals (D:2)
  8 kobolds
  5 quokkas
  6 ball pythons
  3 frilled lizards (D:1)
  8 rats
100 creatures vanquished.

Notes
Turn   | Place    | Note
-------+----------+-------------------------------------------
     0 | D:1      | wildpjah the Vine Stalker Enchanter began the quest for the
                  | Orb.
     0 | D:1      | Reached XP level 1. HP: 9/9 MP: 4/4
   171 | D:1      | Reached skill level 4 in Stealth
   171 | D:1      | Reached XP level 2. HP: 13/13 MP: 6/6
   174 | D:1      | Learned a level 2 spell: Ensorcelled Hibernation
   919 | D:2      | Found Ycotsapo's Antique Weapon Boutique.
   919 | D:2      | Noticed Sigmund
  1095 | D:2      | Killed Sigmund
  1096 | D:2      | Reached skill level 1 in Short Blades
  1096 | D:2      | Reached skill level 5 in Stealth
  1096 | D:2      | Reached XP level 3. HP: 6/16 MP: 1/8
  1096 | D:2      | Reached XP level 4. HP: 8/21 MP: 1/9
  1096 | D:2      | Reached XP level 5. HP: 9/24 MP: 1/10
  1254 | D:2      | Reached skill level 6 in Stealth
  1254 | D:2      | Reached skill level 1 in Ice Magic
  1254 | D:2      | Reached XP level 6. HP: 28/28 MP: 7/11
  1260 | D:2      | Learned a level 3 spell: Confusing Touch
  2099 | D:3      | Noticed Robin
  2150 | D:3      | Killed Robin
  2832 | D:4      | Reached XP level 7. HP: 32/32 MP: 4/12
  3024 | D:2      | Bought a glowing falchion for 162 gold pieces
  3462 | D:4      | Slain by an orc

Illustrated notes

Levels and vault maps discovered:
D:1:      dpeg_arrival_rhombus, layout_basic
D:2:      layout_rooms, serial_shops, shop, minmay_tripent, uniq_sigmund
D:3:      layout_rooms, lightli_corner_chamber, uniq_robin
D:4:      layout_basic

Skill      XL: |  1  2  3  4  5  6  7 |
---------------+----------------------+-----
Stealth        | 4 5 6 |  6.6
Short Blades   | 1 |  1.6
Dodging        | 2 |  2.6
Spellcasting   | 3 |  3.4
Hexes          | 4 |  4.5
Ice Magic      | 1 2 |  2.0
Fighting       | |  0.4

Action                     |  1- 3 |  4- 6 |  7- 9 || total
---------------------------+-------+-------+-------++-------
  Melee: Dagger            |    48 |   119 |    35 ||   202
         Bite              |     6 |    26 |    13 ||    45
         Punch             |       |     1 |     1 ||     2
   Cast: Ensorcelled Hiber |    12 |    49 |    11 ||    72
         Confusing Touch   |       |       |     1 ||     1
   Stab: Sleeping          |    12 |    32 |     8 ||    52
 Armour: Robe              |    22 |    50 |    33 ||   105
  Dodge: Dodged            |    23 |    91 |    26 ||   140

Table legend: (Time is in decaauts)
 A = Elapsed time spent in this place.
 B = Non-inter-level travel time spent in this place.
 C = Inter-level travel time spent in this place.
 D = Time resting spent in this place.
 E = Time spent auto-exploring this place.
 F = Levels seen in this place.
 G = Mean time per level.
                   A        B        C        D        E       F      G
               +--------+--------+--------+--------+--------+-----+--------+
         Total |   3451 |   3146 |    305 |     89 |   2286 |   4 |  862.8 |
       Dungeon |   3451 |   3146 |    305 |     89 |   2286 |   4 |  862.8 |
               +--------+--------+--------+--------+--------+-----+--------+

Top non-repeatable levels by time:
     D:1: 1031 daAuts
     D:2: 923 daAuts
     D:3: 845 daAuts
     D:4: 651 daAuts
